 Dungeon Crawl Stone Soup version 0.19.0-2-gae57169 (webtiles) character file.

17277 Leibowitz the Slicer (level 12, -14/76 HPs)
             Began as a Kobold Gladiator on Nov 6, 2016.
             Was the Champion of Okawaru.
             Demolished by an orc warlord
             ... wielding a +0 war axe
              (30 damage)
             ... on level 9 of the Dungeon.
             The game lasted 00:57:40 (14766 turns).

Leibowitz the Slicer (Kobold Gladiator)            Turns: 14766, Time: 00:57:41

Health: -14/76     AC:  9    Str: 18    XL:     12   Next: 80%
Magic:  13/13      EV: 27    Int:  9    God:    Okawaru [******]
Gold:   693        SH:  0    Dex: 25    Spells: 0 memorised, 11 levels left

rFire  + . .     SeeInvis +     a - +6 dagger of Ipoy {pain, rF+ Dex+5}
rCold  . . .     Gourm    .     d - +0 troll leather armour
rNeg   . . .     Faith    .     (shield restricted)
rPois  .         Spirit   .     B - +1 hat
rElec  .         Reflect  .     x - +0 cloak
rCorr  .         Harm     .     F - +1 pair of gloves
MR     +....                    (no boots)
Stlth  ++++++....               r - amulet of regeneration
                                C - ring of see invisible
                                k - ring of protection from magic

@: mighty, hasted, very quick
A: carnivore 3
a: Heroism, Finesse, Renounce Religion


You were on level 9 of the Dungeon.
You worshipped Okawaru.
Okawaru was exalted by your worship.
You were very full.

You visited 4 branches of the dungeon, and saw 17 of its levels.

You collected 779 gold pieces.
You spent 86 gold pieces at shops.

Inventory:

Hand Weapons
 a - the +6 dagger of Ipoy (weapon) {pain, rF+ Dex+5}
   (You found it on level 9 of the Dungeon)

   In the hands of one skilled in necromantic magic, it inflicts extra damage on
   living creatures.
   It affects your dexterity (+5).
   It protects you from fire.
 b - a +0 blowgun
 L - a +1 rapier
Missiles
 u - 82 poisoned needles
 P - 2 needles of confusion
Armour
 d - a +0 troll leather armour (worn)
 w - a +1 robe of cold resistance
 x - a +0 cloak (worn)
 B - a +1 hat (worn)
 F - a +1 pair of gloves (worn)
Jewellery
 k - a ring of protection from magic (left hand)
 q - an uncursed ring of flight
 r - an amulet of regeneration (around neck)
 s - an uncursed ring of ice
 C - a ring of see invisible (right hand)
 N - an uncursed ring of positive energy
Wands
 h - a wand of random effects (28/48)
 l - a wand of lightning (0/15)
 o - a wand of iceblast (9/15)
 H - a wand of confusion (23/48)
 I - a wand of teleportation (2/9)
 O - a wand of flame (14/48)
 S - a wand of disintegration (3/24)
Scrolls
 e - a scroll of recharging
 g - 3 scrolls of teleportation
 i - 10 scrolls of identify
 j - 2 scrolls of enchant armour
 n - 4 scrolls of magic mapping
 y - 4 scrolls of enchant weapon
 A - a scroll of summoning
 J - 3 scrolls of remove curse
Potions
 m - 7 potions of curing
 p - 2 potions of cancellation
 v - 4 potions of haste
 D - a potion of brilliance
 E - 2 potions of agility
 G - 2 potions of lignification
 R - 2 potions of might
Comestibles
 f - 10 meat rations
 t - 3 royal jellies
 z - 4 beef jerkies
 K - 2 slices of pizza


   Skills:
 + Level 9.3 Fighting
 + Level 14.2 Short Blades
 + Level 3.5 Throwing
 + Level 4.0 Armour
 + Level 11.8 Dodging
 + Level 13.1 Stealth
 + Level 1.7 Evocations


You had 11 spell levels left.
You didn't know any spells.

Dungeon Overview and Level Annotations

Branches:
Dungeon (13/15)            Temple (1/1) D:4            Lair (2/6) D:11
    Orc (1/2) D:9
  Swamp: Lair:2-4    Shoals: Lair:2-4     Snake: Lair:2-4    Spider: Lair:2-4
 Vaults: D:13-14

Altars:
Ashenzari
Cheibriados
Dithmenos
Elyvilon
Fedhas
Gozag
Hepliaklqana
Kikubaaqudgha
Makhleb
Nemelex Xobeh
Okawaru
Qazlal
Ru
Sif Muna
Trog
Uskayaw
Vehumet
Xom
Yredelemnul
Zin
The Shining One
Beogh

Shops:
D:4 *   D:8 =[=   D:11 (

Annotations:
D:11 Timinator's ghost, journeyman MiFi
Lair:2 gitgud34's ghost, journeyman SpEn


Innate Abilities, Weirdness & Mutations

You are small and have problems with some larger weapons.
You are carnivorous and can eat meat at any time.


Message History

You see here a poisoned needle.
Things that are here:
a curare-tipped needle; a poisoned needle You feel very mighty all of a sudden.
The orc warlord hits you with a war axe!!
* * * LOW HITPOINT WARNING * * *
You feel much better.
You have a feeling of ineptitude.
a - the +6 dagger of Ipoy (weapon)
{pain, rF+ Dex+5} The orc warlord hits you with a war axe!
* * * LOW HITPOINT WARNING * * *
You hit the orc warlord but do no damage.
The orc warlord is severely wounded.
The orc warlord blocks your attack.
The orc warlord is severely wounded.
The orc warlord hits you but does no damage.
Okay, then.
You feel yourself speed up.
The orc warlord hits you with a war axe!!
You die...

...<# #..#...#.......####
##### #..#(#.#..#.......# #
#...(#.#.##....#### ######
#....#.(.........#
.....####.#..###(##...##.#
.....##...[..# #.##...##.#
.....##......# #.##.(....#
.....#.......###(###.....##
.....'.......[##@# ##.....#
.....#....###[##o# ###...#
.....#....# #.##T# #...#
.....#....# #.(#(# ###...##
.....#....# ##.#(# #......#
.....#...(# #.(.# #.####.#
.....#....#####.(# #.## #.#
.............(..># #..# #.#
#####............#
#..###.######


You could see an orc warlord and a troll.

Vanquished Creatures
  Erolcha (D:9)
  A great orb of eyes (D:12)
  Sonja (D:12)
  An unseen horror (D:10)
  2 hill giants
  An orc knight (D:12)
  An ugly thing (D:12)
  A cyclops (D:12)
  Joseph (D:8)
  2 centaur skeletons
  A gargoyle (D:12)
  3 spiny frogs
  A komodo dragon (D:10)
  2 trolls
  A jumping spider (Lair:2)
  Grinder (Temple)
  3 two-headed ogres
  2 slime creatures
  4 hippogriffs
  A spriggan (D:8)
  A redback (Lair:2)
  2 vampires (D:11)
  11 yaks
  4 hungry ghosts
  A water moccasin (Lair:2)
  11 orc warriors
  3 ice beasts
  A sky beast (D:9)
  2 black bears
  An eye of draining (D:12)
  A phantom (D:9)
  5 ogres
  2 crocodiles (Lair:2)
  2 centaurs
  Blork the orc (D:4)
  4 bullfrogs
  A wyvern zombie (D:10)
  5 scorpions
  3 wights (D:9)
  7 crimson imps
  A quasit (D:8)
  A bullfrog zombie (D:11)
  6 hounds
  Crazy Yiuf (D:4)
  2 gnoll shamans
  5 orc priests
  4 bullfrog skeletons
  5 jellies
  4 orc wizards
  4 iguanas
  Terence (D:3)
  9 worker ants
  A hound skeleton (D:6)
  2 worker ant zombies
  A howler monkey zombie (D:10)
  11 gnolls
  5 river rats (D:11)
  14 adders
  3 oozes
  2 adder skeletons
  3 worms
  3 dart slugs
  4 leopard geckos
  39 orcs
  A ball python (D:1)
  2 giant cockroaches
  11 goblins
  A hobgoblin (D:3)
  7 jackals
  3 quokkas
  22 bats
  A frilled lizard (D:3)
  5 kobolds
  A leopard gecko skeleton (D:4)
  A quokka skeleton (D:7)
  A quokka zombie (D:7)
  10 rats
296 creatures vanquished.

Vanquished Creatures (others)
  3 fungi (D:11)
3 creatures vanquished.

Grand Total: 299 creatures vanquished

Notes
Turn   | Place    | Note
-------+----------+-------------------------------------------
     0 | D:1      | Leibowitz the Kobold Gladiator began the quest for the Orb.
     0 | D:1      | Reached XP level 1. HP: 12/12 MP: 1/1
     6 | D:1      | Noticed an eight-headed hydra
     7 | D:1      | Noticed a polar bear
     7 | D:1      | Noticed a salamander
   224 | D:1      | Reached XP level 2. HP: 17/17 MP: 2/2
   530 | D:1      | Reached XP level 3. HP: 21/21 MP: 3/3
   983 | D:2      | Found a stormy altar of Qazlal.
  1106 | D:2      | Found a stormy altar of Qazlal.
  1113 | D:2      | Reached XP level 4. HP: 17/27 MP: 4/4
  1284 | D:2      | Reached skill level 5 in Short Blades
  2100 | D:3      | Reached XP level 5. HP: 29/31 MP: 5/5
  2167 | D:3      | Found an opulent altar of Gozag.
  2174 | D:3      | Noticed Terence
  2195 | D:3      | Killed Terence
  2195 | D:3      | Reached skill level 1 in Armour
  2279 | D:3      | Reached skill level 1 in Stealth
  3103 | D:4      | Found Abek's Assorted Antiques.
  3109 | D:4      | Bought 2 fuming pink potions for 43 gold pieces
  3109 | D:4      | Bought 2 sedimented pink potions for 43 gold pieces
  3132 | D:4      | Found a runed door.
  3175 | D:4      | Found a shattered altar of Ashenzari.
  3179 | D:4      | Found a staircase to the Ecumenical Temple.
  3182 | D:4      | Noticed Grinder
  3189 | Temple   | Entered the Ecumenical Temple
  3207 | Temple   | Killed Grinder
  3207 | Temple   | Reached skill level 6 in Short Blades
  3207 | Temple   | Reached skill level 5 in Dodging
  3207 | Temple   | Reached XP level 6. HP: 24/36 MP: 6/6
  3207 | Temple   | Reached XP level 7. HP: 27/40 MP: 7/7
  3370 | D:4      | Reached skill level 7 in Short Blades
  3832 | D:4      | Noticed Blork the orc
  3847 | D:4      | Killed Blork the orc
  4033 | D:4      | Noticed Crazy Yiuf
  4048 | D:4      | Killed Crazy Yiuf
  4100 | D:5      | Entered Level 5 of the Dungeon
  4528 | D:5      | Reached skill level 8 in Short Blades
  4528 | D:5      | Reached XP level 8. HP: 31/46 MP: 8/8
  4707 | D:5      | Found a deep blue altar of Sif Muna.
  4881 | D:5      | Found a faded altar of an unknown god.
  4881 | D:5      | Found an iron altar of Okawaru.
  4886 | D:5      | Found a faded altar of an unknown god.
  4888 | D:5      | Found a faded altar of an unknown god.
  4889 | D:5      | Found a faded altar of an unknown god.
  4900 | D:5      | Became a worshipper of Warmaster Okawaru
  5035 | D:5      | Reached skill level 5 in Stealth
  5095 | D:5      | Reached skill level 9 in Short Blades
  5417 | D:6      | Reached * piety under Okawaru
  5572 | D:6      | Found a blossoming altar of Fedhas.
  5616 | D:6      | Reached XP level 9. HP: 52/52 MP: 9/9
  5853 | D:6      | Found a snail-covered altar of Cheibriados.
  5956 | D:6      | Found a sacrificial altar of Ru.
  6224 | D:7      | Reached skill level 10 in Short Blades
  6276 | D:7      | Found a glowing silver altar of Zin.
  6335 | D:7      | Found a hide-covered altar of Uskayaw.
  6367 | D:7      | Found a shattered altar of Ashenzari.
  6367 | D:7      | Found a bloodstained altar of Trog.
  6659 | D:7      | Reached skill level 5 in Fighting
  6740 | D:7      | Reached ** piety under Okawaru
  7790 | D:8      | Found Vumaasch's Jewellery Emporium.
  7829 | D:8      | Reached skill level 11 in Short Blades
  7946 | D:8      | Reached *** piety under Okawaru
  7954 | D:8      | Found a white marble altar of Elyvilon.
  7962 | D:8      | Noticed Joseph
  7973 | D:8      | Killed Joseph
  7973 | D:8      | Reached XP level 10. HP: 49/60 MP: 10/10
  8088 | D:8      | Found Gaucrip's Jewellery Shoppe.
  8112 | D:8      | Found Rahiobot's Antique Armour Shoppe.
  8215 | D:9      | Got a jewelled dagger
  8216 | D:9      | Identified the +6 dagger of Ipoy {pain, rF+ Dex+5} (You found it on level 9 of the Dungeon)
  8340 | D:9      | Noticed Erolcha
  8373 | D:9      | HP: 3/60 [Erolcha/bolt of lightning (37)]
  8380 | D:9      | Killed Erolcha
  8380 | D:9      | Reached **** piety under Okawaru
  8380 | D:9      | Reached skill level 12 in Short Blades
  8635 | D:9      | Found a staircase to the Orcish Mines.
  9110 | D:9      | Reached skill level 13 in Short Blades
  9119 | D:9      | Reached ***** piety under Okawaru
  9250 | Orc:1    | Entered Level 1 of the Orcish Mines
  9280 | Orc:1    | Reached XP level 11. HP: 20/67 MP: 11/11
  9281 | Orc:1    | Noticed an orc sorcerer
  9390 | D:10     | Entered Level 10 of the Dungeon
  9636 | D:10     | Reached skill level 10 in Dodging
  9920 | D:10     | Received a gift from Okawaru
 10061 | D:10     | Gained mutation: Your spells are a little harder to cast, but a little more powerful. [potion of mutation]
 10061 | D:10     | Gained mutation: You have a somewhat thin skeletal structure. (Dex +2, Stealth) [potion of mutation]
 10222 | D:10     | Reached skill level 10 in Stealth
 10467 | D:10     | Noticed an unseen horror
 10486 | D:10     | Killed an unseen horror
 10689 | D:11     | Noticed Timinator's ghost (journeyman MiFi)
 10787 | D:11     | Noticed a hill giant
 10835 | D:11     | Killed a hill giant
 11359 | D:11     | You fall through a shaft for 2 floors!
 11364 | D:12     | Noticed a cyclops
 11366 | D:12     | Killed a cyclops
 11380 | D:12     | Lost mutation: Your spells are a little harder to cast, but a little more powerful. [potion of cure mutation]
 11380 | D:12     | Lost mutation: You have a somewhat thin skeletal structure. (Dex +2, Stealth) [potion of cure mutation]
 11487 | D:11     | Found Haohijum's Weapon Emporium.
 11861 | D:11     | Found a staircase to the Lair.
 11870 | Lair:1   | Entered Level 1 of the Lair of Beasts
 11916 | Lair:1   | Received a gift from Okawaru
 11916 | Lair:1   | Reached XP level 12. HP: 75/75 MP: 12/12
 13035 | Lair:2   | Noticed gitgud34's ghost (journeyman SpEn)
 13223 | Orc:1    | Noticed an orc warlord
 13511 | D:12     | Reached skill level 14 in Short Blades
 13563 | D:12     | Found a roughly hewn altar of Beogh.
 13737 | D:12     | Noticed a great orb of eyes
 13738 | D:12     | Paralysed by a great orb of eyes for 5 turns
 13796 | D:12     | Killed a great orb of eyes
 13796 | D:12     | Reached skill level 1 in Evocations
 13805 | D:12     | Reached ****** piety under Okawaru
 13850 | D:12     | Noticed Sonja
 13856 | D:12     | Killed Sonja
 14766 | D:9      | Demolished by an orc warlord

Skill      XL: |  1  2  3  4  5  6  7  8  9 10 11 12 |
---------------+-------------------------------------+-----
Dodging        | 4 5 6 8 9 11 | 11.8
Short Blades   | 5 6 8 9 11 13 14 | 14.2
Armour         | 1 2 4 |  4.0
Stealth        | 2 3 5 7 9 11 13 | 13.1
Fighting       | 3 4 6 7 8 9 |  9.3
Throwing       | 3 |  3.5
Evocations     | 1 |  1.7

Action                   |  1- 3 |  4- 6 |  7- 9 | 10-12 || total
-------------------------+-------+-------+-------+-------++-------
Melee: Rapier            |    93 |   146 |   507 |    16 ||   762
       Dagger            |       |       |       |  1107 ||  1107
 Fire: Blowgun           |       |       |       |    41 ||    41
Throw: Throwing net      |       |     2 |     4 |     6 ||    12
Evoke: Wand              |       |       |       |    16 ||    16
  Use: Potion            |       |       |       |    13 ||    13
       Scroll            |       |       |       |    15 ||    15
 Stab: Sleeping          |     1 |     3 |    17 |    19 ||    40
       Held in net/web   |       |     2 |     5 |     3 ||    10
       Distracted        |       |       |     2 |     4 ||     6
       Confused          |       |       |       |     5 ||     5
  Eat: Chunk             |     8 |     7 |    27 |    21 ||    63
       Pizza             |       |       |     1 |       ||     1
       Beef jerky        |       |       |     1 |       ||     1
Armor: Leather armour    |    26 |    14 |     1 |       ||    41
       Robe              |       |       |    47 |     9 ||    56
       Troll leather arm |       |       |       |    67 ||    67
Dodge: Dodged            |    86 |    92 |   300 |   572 ||  1050
